 Dungeon Crawl Stone Soup version 0.28-a0-604-g249bb1af34 (webtiles) character file.

Game seed: 1708194417512580872

5 CurlyBrace the Sneak (level 1, -1/7 HPs)
             Began as a Felid Fire Elementalist on Oct 5, 2021.
             Slain by a gnoll (8 damage)
             ... on level 5 of the Dungeon.
             The game lasted 00:02:04 (203 turns).

CurlyBrace the Sneak (Felid Fire Elementalist)       Turns: 203, Time: 00:02:05

Health: -1/7       AC:  1    Str:  4    XL:     1   Next: 66%
Magic:  4/4        EV: 17    Int: 16    God:
Gold:   31         SH:  0    Dex: 16    Spells: 3/4 levels left
                                        Lives:  0   Deaths: 0

rFire   . . .      SeeInvis +   (weapon unavailable)
rCold   . . .      Faith    .   (shield unavailable)
rNeg    . . .      Spirit   .   (armour unavailable)
rPois   .          Reflect  .   (helmet unavailable)
rElec   .          Harm     .   (cloak unavailable)
rCorr   .          Rampage  .   (gloves unavailable)
Will    .....                   (boots unavailable)
Stlth   ++........              (no amulet)
HPRegen 0.02/turn               (no ring)
MPRegen 0.09/turn               (no ring)

@: quick
A: very small, claws 1, fangs 3, see invisible, speed 1, shaggy fur 1, stealthy
paws, no weapons or thrown items, no armour, multi-lived
a: no special abilities


You were on level 5 of the Dungeon.
You visited 1 branch of the dungeon, and saw 6 of its levels.

You collected 31 gold pieces.

You aren't carrying anything.


   Skills:
 - Level 2.6 Dodging
 + Level 2.8 Stealth
 * Level 2.1 Spellcasting
 + Level 1.0 Conjurations
 * Level 2.8 Fire Magic


You had 3 spell levels left.
You knew the following spells:

 Your Spells              Type           Power      Damage    Failure   Level
a - Foxfire               Conj/Fire      28%        2x1d5     10%         1

Your spell library contained the following spells:

 Spells                   Type           Power      Damage    Failure   Level
 Scorch                   Fire           20%        2d6       10%         2
 Conjure Flame            Conj/Fire      7%         6-21      28%         3
 Inner Flame              Hex/Fire       6%         N/A       34%         3
 Flame Wave               Conj/Fire      7%         3d4       67%         4


Dungeon Overview and Level Annotations

Branches:
Dungeon (6/15)
 Temple: D:4-7

Altars:


Innate Abilities, Weirdness & Mutations

You have sharp claws.
You have razor-sharp teeth.
You have supernaturally acute eyesight. (SInv)
You cover ground quickly. (Speed+)
You are covered in fur. (AC +1)
Your paws help you pounce on unaware monsters.
You are incapable of wielding weapons or throwing items.
You cannot wear armour.
You gain extra lives every three experience levels.


Message History

There is a stone staircase leading down here.
You climb downwards.
There is a stone staircase leading up here.
There is a stone staircase leading down here.
You climb downwards.
There is a stone staircase leading up here.
You open the door.
There is an open door here.
There is a stone staircase leading down here.
You climb downwards.
There is a stone staircase leading up here.
You open the door.
Found 15 stones.
There is an open door here.
Found a stone staircase leading down.
There is a stone staircase leading down here.
You climb downwards.
There is a stone staircase leading up here.
As you read the scroll labelled JOAPNE NINNI, it crumbles to dust.
It is a scroll of identify.
b - a scroll of magic mapping
As you read the scroll of magic mapping, it crumbles to dust.
You feel aware of your surroundings.
Unknown command.
Found a stone staircase leading down.
Found 17 gold pieces.
There is a stone staircase leading down here.
You climb downwards.
There is a stone staircase leading up here.
You climb upwards.
There is a stone staircase leading down here.
You see here 17 gold pieces.
You now have 31 gold pieces (gained 17). 2 gnolls come into view.
A gnoll comes into view. It is wielding a +0 whip.
The gnoll shouts! x3
A gnoll comes into view. It is wielding a +0 spear.
You scratch the gnoll but do no damage. The gnoll hits you with a +0 whip!
Ouch! That really hurt!
You die...

####### #..,..#
##.###.##########
#....#.##.......#
#..#.........##.#
#......##.##.##.##
#@#######.##......
**#g#** #.#####.##
*,gg.,* #.#####.#
*.#.#.* #......>#
#.#.#.#**
#########
#,#.g,.,* *,,,,,*
*,###,#.* *,,,,,*
*,***,*.# *,,,,,*
* *,,,,,*,*
*,,,,,* **


You could see 4 gnolls.

Vanquished Creatures
  A ball python (D:2)
  A bat (D:1)
  A hobgoblin (D:2)
  2 rats
5 creatures vanquished.

Vanquished Creatures (others)
  8 foxfires
8 creatures vanquished.

Grand Total: 13 creatures vanquished

Notes
Turn   | Place    | Note
-------+----------+-------------------------------------------
     0 | D:1      | CurlyBrace the Felid Fire Elementalist began the quest for
                  | the Orb.
     0 | D:1      | Reached XP level 1. HP: 7/7 MP: 4/4
    62 | D:2      | Reached skill level 1 in Conjurations
   169 | D:5      | Entered Level 5 of the Dungeon
   203 | D:5      | Slain by a gnoll

Illustrated notes

Levels and vault maps discovered:
D:1:      minmay_arrival_up_and_down, layout_basic, minmay_tromino_v4_c
D:2:      layout_loops_ring, basic_ecumenical_altar
D:3:      layout_loops_corners, mainiacjoe_overflow_small_starburst,
          small_statue_intersection, kennysheep_cross_bottleneck, uniq_terence
D:4:      layout_basic, minmay_temple_entry_gardened_gates, abandoned_shop
D:5:      layout_loops_cross, uniq_grinder
D:6:      layout_basic, nicolae_ru_sacrificial_ziggurat, tso_altar,
          gammafunk_temple_overflow_wave, serial_shops, kennysheep_mini_moat

Skill      XL: |  1 |
---------------+----+-----
Conjurations   | 1 |  1.0
Dodging        | |  2.6
Stealth        | |  2.8
Spellcasting   | |  2.1
Fire Magic     | |  2.8

Action                   || total
-------------------------++-------
Melee: Unarmed           ||     3
 Cast: Foxfire           ||     6
  Use: Scroll            ||     3
 Stab: Sleeping          ||     1
Dodge: Dodged            ||     4

Table legend: (Time is in decaauts)
 A = Elapsed time spent in this place.
 B = Non-inter-level travel time spent in this place.
 C = Inter-level travel time spent in this place.
 D = Time resting spent in this place.
 E = Time spent auto-exploring this place.
 F = Levels seen in this place.
 G = Mean time per level.
                   A        B        C        D        E       F      G
               +--------+--------+--------+--------+--------+-----+--------+
         Total |    175 |    175 |      0 |      0 |      0 |   6 |   29.2 |
       Dungeon |    175 |    175 |      0 |      0 |      0 |   6 |   29.2 |
               +--------+--------+--------+--------+--------+-----+--------+

Top non-repeatable levels by time:
     D:1: 62 daAuts
     D:2: 47 daAuts
     D:4: 27 daAuts
     D:5: 27 daAuts
     D:3: 9 daAuts
     D:6: 1 daAuts
